Login

Minnesota Wild vs Seattle Kraken

Created - 13 March 2024 at 23:11

Goals
1 2 3 T
Minnesota Wild 0 1 1 2
Seattle Kraken 0 1 0 1
Shots
1 2 3 T
Minnesota Wild 3 13 11 27
Seattle Kraken 11 16 9 36

GoalsPenalties
1st period
No Goal
Ryan Hartman (MIN) for Goalie Interference (Minor) at 8:41
Zach Bogosian (MIN) for Delaying the game (Minor) at 11:05
Jon Merrill (MIN) for Tripping (Minor) at 15:25
2nd period
1. Minnesota Wild , Matt Boldy 5 (Mats Zuccarello 3, Kirill Kaprizov 4) at 2:14 (PP)
2. Seattle Kraken , Jared McCann 3 (Jordan Eberle 2, Yanni Gourde 4) at 7:09
Jordan Eberle (SEA) for Slashing (Minor) at 1:41
Kirill Kaprizov (MIN) for High sticking (Minor) at 14:59
Adam Larsson (SEA) for High sticking (Minor) at 19:55
3rd period
3. Minnesota Wild , Brandon Duhaime 1 (Zach Parise 1, Jon Merrill 1) at 8:44
Yanni Gourde (SEA) for Hooking (Minor) at 13:29
Jamie Oleksiak (SEA) for Roughing (Minor) at 19:03
Goalie Stats
Filip Gustavsson (MIN), 35 saves from 36 shots - (0.972), W, 4-1-0, 60:00 minutes
Carter Hart (SEA), 25 saves from 27 shots - (0.926), L, 3-1-0, 60:00 minutes
3 StarsOfficial
1 - Filip Gustavsson (MIN)
2 - Brandon Duhaime (MIN)
3 - Jared McCann (SEA)
Referees : TJ Luxmore and Tom Chmielewski
Linesman : Kyle Larson and Derek Amell
Game Note
No Game Note
Finance
Level 1 -- Attendance: 5400 (90.00%) -- Ticket Income $540,000
Level 2 -- Attendance: 4374 (87.48%) -- Ticket Income $262,440
Level 3 -- Attendance: 1841 (92.05%) -- Ticket Income $64,435
Level 4 -- Attendance: 4000 (100.00%) -- Ticket Income $100,000
Luxury Box -- Attendance: 1000 (100.00%) -- Ticket Income $200,000
Game was played at the Climate Pledge Arena.
Total Attendance: 16615 (92.31%)
Total Ticket Income: $1,166,875
Other Income: $571,769
Total Income: $1,738,644



Team Name Goals Shots Shots Attemp Shots Blocked PIM HIT PP PK FO%
Minnesota Wild 22753188151 / 4 (25%)041%
Seattle Kraken 1367358160 / 4 (0%)159%

Minnesota Wild
Player Name POS G A P +/- PIM HIT SHT SB MP PP MP PP SHT PK MP PK SHT FO% FOT GA TA
Brandon DuhaimeRW1011005115:330:0900:000100% 100
Connor DewarC000000206:190:0900:370100% 200
Jake MiddletonD000-1001223:070:0003:1100% 003
Jared SpurgeonD000-1005326:253:5804:4500% 001
Joel Eriksson-EkC000-1003323:512:5604:20035% 2301
John KlingbergD0000000014:461:2900:4600% 001
Jon MerrillD0111201211:190:0000:0000% 002
Jonas BrodinD0000000120:390:0004:2000% 000
Jujhar KhairaLW0001031010:090:0900:00043% 700
Kirill KaprizovLW011-1221022:392:5613:1900% 000
Marcus FolignoLW000001005:292:2201:3000% 000
Marcus JohanssonLW0000031019:372:2202:4300% 010
Mats ZuccarelloRW011-1001019:022:5610:00050% 410
Matt BoldyRW1010004118:053:5820:0000% 202
Pat MaroonLW000000117:190:0001:5700% 000
Ryan HartmanC0000230218:202:2201:26041% 1712
Zach BogosianD0001220117:430:0002:5000% 000
Zach PariseLW0111011111:381:2900:0000% 000
Seattle Kraken
Player Name POS G A P +/- PIM HIT SHT SB MP PP MP PP SHT PK MP PK SHT FO% FOT GA TA
Adam LarssonD0000220025:505:0202:4100% 020
Alex WennbergC0000015018:143:0711:18043% 700
Andre BurakovskyLW0000030018:153:0701:480100% 110
Brandon TanevLW0000012012:100:0000:0000% 000
Brian DumoulinD0000000018:292:5400:5600% 001
Devin ShoreC000-100005:390:0000:18040% 501
Jaden SchwartzC0000005012:420:0001:01033% 610
Jalen ChatfieldD0000001114:580:0000:5900% 000
Jamie OleksiakD0000223126:035:0203:0300% 020
Jared McCannLW1011015023:354:4913:0800% 120
Jaycob MegnaD0000000114:420:0000:4300% 001
Jordan EberleRW0111214020:474:4910:0000% 010
Justin SchultzD0000001020:052:5402:3200% 000
Kailer YamamotoRW0000015111:320:0000:000100% 110
Klim KostinRW000-101105:200:0000:0000% 010
Oliver BjorkstrandRW0000023016:433:0710:0000% 010
Pierre-Edouard BellemareLW000-100106:240:0000:5500% 000
Yanni GourdeC0111210123:014:4902:26069% 3500

Minnesota Wild

5 vs 5 Forward
Line #Left WingCenterRight WingPHYDFOFWanted %Time %Time Play
1Kirill KaprizovJoel Eriksson-EkMats Zuccarello1133535%16:18
2Marcus JohanssonRyan HartmanMatt Boldy1223334%15:53
3Zach PariseJujhar KhairaBrandon Duhaime1222219%9:01
4Pat MaroonConnor DewarBrandon Duhaime2301011%5:06
5 vs 5 Defense
Line #DefenseDefensePHYDFOFWanted %Time %Time Play
1Jared SpurgeonJake Middleton1224038%17:42
2Jonas BrodinJohn Klingberg0323032%14:49
3Zach BogosianJon Merrill1402021%9:37
4Zach BogosianJonas Brodin131109%4:10
Power Play Forward
Line #Left WingCenterRight WingPHYDFOFWanted %Time %Time Play
1Kirill KaprizovJoel Eriksson-EkMats Zuccarello0056057%3:05
2Marcus JohanssonRyan HartmanMarcus Foligno0144043%2:22
Power Play Defense
Line #DefenseDefensePHYDFOFWanted %Time %Time Play
1Jared SpurgeonMatt Boldy0146073%3:58
2John KlingbergZach Parise0144027%1:29
Penalty Kill 4 Players Forward
Line #CenterWingPHYDFOFWanted %Time %Time Play
1Joel Eriksson-EkKirill Kaprizov1136074%5:53
2Ryan HartmanMarcus Johansson1224026%2:03
Penalty Kill 4 Players Defense
Line #DefenseDefensePHYDFOFWanted %Time %Time Play
1Jared SpurgeonJonas Brodin1316060%4:45
2Jake MiddletonZach Bogosian1404040%3:11
Penalty Kill 3 Players
Line #WingPHYDFOFWanted %Time %Time PlayDefenseDefensePHYDFOFWanted %Time %Time Play
1Joel Eriksson-Ek122600%0:00 Jared SpurgeonJonas Brodin131600%0:00
2Jujhar Khaira122400%0:00 Jake MiddletonZach Bogosian140400%0:00
4 vs 4 Forward
Line #CenterWingPHYDFOFWanted %Time %Time Play
1Joel Eriksson-EkKirill Kaprizov023600%0:00
2Ryan HartmanMarcus Johansson122400%0:00
4 vs 4 Defense
Line #DefensePHYDFOFWanted %Time %Time Play
1Jared SpurgeonJonas Brodin131600%0:00
2Jake MiddletonZach Bogosian122400%0:00
Last Minutes Offensive
Left WingCenterRight WingDefenseDefense
Kirill KaprizovJoel Eriksson-EkMats ZuccarelloJared SpurgeonMatt Boldy
Last Minutes Defensive
Left WingCenterRight WingDefenseDefense
Marcus FolignoJoel Eriksson-EkBrandon DuhaimeJared SpurgeonJonas Brodin
Time
Total ForwardTotal DefenseLast Minutes OffensiveLast Minutes Defensive
60:00 60:00 0:000:19
Extra Forwards
Normal PowerPlayPenalty Kill
Zach Parise, Jujhar Khaira, Marcus FolignoZach Parise, Matt BoldyPat Maroon
Extra Defensemen
Normal PowerPlayPenalty Kill
Zach Bogosian, John Klingberg, Jon MerrillZach Bogosian, Zach BogosianJohn Klingberg
Penalty Shots
Kirill Kaprizov, Joel Eriksson-Ek, Mats Zuccarello, Matt Boldy, Marcus Johansson
Goalie
Filip Gustavsson, Elvis Merzlikins
Custom OT Lines Forwards
Kirill Kaprizov, Joel Eriksson-Ek, Matt Boldy, Marcus Johansson, Mats Zuccarello, Jujhar Khaira, Zach Parise, Ryan Hartman, Marcus Foligno, Pat Maroon
Custom OT Lines Defensemen
Jared Spurgeon, Jonas Brodin, Jake Middleton, Zach Bogosian, John Klingberg
Scratches
Alex Goligoski (Healthy), Eric Staal (Strained Right Knee Injury), Jesse Ylonen (Healthy)

Seattle Kraken

5 vs 5 Forward
Line #Left WingCenterRight WingPHYDFOFWanted %Time %Time Play
1Jared McCannYanni GourdeJordan Eberle1134034%15:37
2Andre BurakovskyAlex WennbergOliver Bjorkstrand2213530%13:49
3Brandon TanevJaden SchwartzKailer Yamamoto2212025%11:32
4Pierre-Edouard BellemareDevin ShoreKlim Kostin311512%5:20
5 vs 5 Defense
Line #DefenseDefensePHYDFOFWanted %Time %Time Play
1Adam LarssonJamie Oleksiak1224536%16:48
2Brian DumoulinJustin Schultz3112032%14:39
3Jaycob MegnaJalen Chatfield2212030%13:59
4Adam LarssonJamie Oleksiak212152%0:52
Power Play Forward
Line #Left WingCenterRight WingPHYDFOFWanted %Time %Time Play
1Jared McCannYanni GourdeJordan Eberle1046061%4:49
2Andre BurakovskyAlex WennbergOliver Bjorkstrand2124039%3:07
Power Play Defense
Line #DefenseDefensePHYDFOFWanted %Time %Time Play
1Adam LarssonJamie Oleksiak1136563%5:02
2Brian DumoulinJustin Schultz2123537%2:54
Penalty Kill 4 Players Forward
Line #CenterWingPHYDFOFWanted %Time %Time Play
1Yanni GourdeJared McCann2305576%4:09
2Alex WennbergAndre Burakovsky2304524%1:18
Penalty Kill 4 Players Defense
Line #DefenseDefensePHYDFOFWanted %Time %Time Play
1Adam LarssonJamie Oleksiak0506583%4:31
2Brian DumoulinJustin Schultz0503517%0:56
Penalty Kill 3 Players
Line #WingPHYDFOFWanted %Time %Time PlayDefenseDefensePHYDFOFWanted %Time %Time Play
1Yanni Gourde050550%0:00 Adam LarssonJamie Oleksiak050650%0:00
2Alex Wennberg050450%0:00 Brian DumoulinJustin Schultz050350%0:00
4 vs 4 Forward
Line #CenterWingPHYDFOFWanted %Time %Time Play
1Yanni GourdeJared McCann131550%0:00
2Alex WennbergAndre Burakovsky131450%0:00
4 vs 4 Defense
Line #DefensePHYDFOFWanted %Time %Time Play
1Adam LarssonJamie Oleksiak050600%0:00
2Brian DumoulinJustin Schultz050400%0:00
Last Minutes Offensive
Left WingCenterRight WingDefenseDefense
Jared McCannYanni GourdeJordan EberleAdam LarssonJamie Oleksiak
Last Minutes Defensive
Left WingCenterRight WingDefenseDefense
Jared McCannYanni GourdeJordan EberleAdam LarssonJamie Oleksiak
Time
Total ForwardTotal DefenseLast Minutes OffensiveLast Minutes Defensive
60:00 60:00 0:190:00
Extra Forwards
Normal PowerPlayPenalty Kill
Andre Burakovsky, Brandon Tanev, Oliver BjorkstrandAndre Burakovsky, Brandon TanevAndre Burakovsky
Extra Defensemen
Normal PowerPlayPenalty Kill
Justin Schultz, Jaycob Megna, Jalen ChatfieldJustin Schultz, Justin SchultzJaycob Megna
Penalty Shots
Jordan Eberle, Jared McCann, Yanni Gourde, Alex Wennberg, Andre Burakovsky
Goalie
Carter Hart, Philipp Grubauer
Custom OT Lines Forwards
Jordan Eberle, Jared McCann, Yanni Gourde, Alex Wennberg, Andre Burakovsky, Brandon Tanev, Oliver Bjorkstrand, Jaden Schwartz, Kailer Yamamoto, Klim Kostin
Custom OT Lines Defensemen
Adam Larsson, Jamie Oleksiak, Brian Dumoulin, Justin Schultz, Jaycob Megna
Scratches
Connor Carrick (Healthy), John Hayden (Healthy)


Play-by-Play

1st period


0:01 of 1st period - Yanni Gourde wins face-off versus Joel Eriksson-Ek in neutral zone.
0:10 of 1st period - Snap shot by Jared McCann.
0:10 of 1st period - Deflect By Mats Zuccarello.
0:10 of 1st period - Stopped by Filip Gustavsson without a rebound.
0:11 of 1st period - Andre Burakovsky wins face-off versus Ryan Hartman in Minnesota Wild zone.
0:24 of 1st period - Wrist shot by Oliver Bjorkstrand.
0:24 of 1st period - Shot Blocked by Jonas Brodin.
0:42 of 1st period - Off-side.
0:43 of 1st period - Yanni Gourde wins face-off versus Jujhar Khaira in neutral zone.
0:50 of 1st period - Snap shot by Jujhar Khaira.
0:50 of 1st period - Stopped by Carter Hart with a rebound.
1:39 of 1st period - Wrist shot by Kirill Kaprizov.
1:39 of 1st period - Shot Misses the Net.
2:19 of 1st period - Icing by Pierre-Edouard Bellemare.
2:20 of 1st period - Connor Dewar wins face-off versus Devin Shore in Seattle Kraken zone.
3:21 of 1st period - Wrist shot by Klim Kostin.
3:21 of 1st period - Shot Blocked by Ryan Hartman.
3:25 of 1st period - Wrist shot by Pierre-Edouard Bellemare.
3:25 of 1st period - Shot Misses the Net.
4:39 of 1st period - Wrist shot by Andre Burakovsky.
4:39 of 1st period - Shot Blocked by Zach Bogosian.
5:22 of 1st period - Snap shot by Kirill Kaprizov.
5:22 of 1st period - Shot Misses the Net.
5:40 of 1st period - Snap shot by Oliver Bjorkstrand.
5:40 of 1st period - Stopped by Filip Gustavsson with a rebound.
8:24 of 1st period - Wrist shot by Justin Schultz.
8:24 of 1st period - Stopped by Filip Gustavsson without a rebound.
8:25 of 1st period - Jaden Schwartz wins face-off versus Ryan Hartman in Minnesota Wild zone.
8:28 of 1st period - Snap shot by Justin Schultz.
8:28 of 1st period - Shot Misses the Net.
8:41 of 1st period - Minor Penalty to Ryan Hartman for Goalie Interference.
8:42 of 1st period - Joel Eriksson-Ek wins face-off versus Yanni Gourde in Minnesota Wild zone.
9:38 of 1st period - Pat Maroon is hit by Jared McCann and loses puck.
10:02 of 1st period - Icing by Jamie Oleksiak.
10:03 of 1st period - Joel Eriksson-Ek wins face-off versus Alex Wennberg in Seattle Kraken zone.
10:41 of 1st period - Penalty to Ryan Hartman is over, Ryan Hartman is back on ice.
11:05 of 1st period - Minor Penalty to Zach Bogosian for Delaying the game.
11:06 of 1st period - Yanni Gourde wins face-off versus Joel Eriksson-Ek in Minnesota Wild zone.
12:12 of 1st period - Jared Spurgeon is hit by Andre Burakovsky and loses puck.
12:38 of 1st period - Marcus Foligno is hit by Andre Burakovsky and loses puck.
13:05 of 1st period - Penalty to Zach Bogosian is over, Zach Bogosian is back on ice.
13:19 of 1st period - Snap shot by Kailer Yamamoto.
13:19 of 1st period - Shot Misses the Net.
13:21 of 1st period - Snap shot by Brandon Tanev.
13:21 of 1st period - Stopped by Filip Gustavsson with a rebound.
13:30 of 1st period - Icing by Jake Middleton.
13:31 of 1st period - Brandon Duhaime wins face-off versus Devin Shore in Minnesota Wild zone.
13:40 of 1st period - Slapshot by Jamie Oleksiak.
13:40 of 1st period - Deflect By Brandon Duhaime.
13:40 of 1st period - Stopped by Filip Gustavsson with a rebound.
13:42 of 1st period - Slapshot by Adam Larsson.
13:42 of 1st period - Deflect By Klim Kostin.
13:42 of 1st period - Stopped by Filip Gustavsson with a rebound.
14:06 of 1st period - Snap shot by Kirill Kaprizov.
14:06 of 1st period - Shot Blocked by Yanni Gourde.
14:08 of 1st period - Wrist shot by Mats Zuccarello.
14:08 of 1st period - Shot Misses the Net.
14:26 of 1st period - Snap shot by Marcus Johansson.
14:26 of 1st period - Shot Blocked by Kailer Yamamoto.
15:21 of 1st period - Wrist shot by Jordan Eberle.
15:21 of 1st period - Stopped by Filip Gustavsson without a rebound.
15:22 of 1st period - Ryan Hartman wins face-off versus Yanni Gourde in Minnesota Wild zone.
15:22 of 1st period - Ryan Hartman is hit by Yanni Gourde.
15:25 of 1st period - Minor Penalty to Jon Merrill for Tripping.
15:26 of 1st period - Joel Eriksson-Ek wins face-off versus Yanni Gourde in Minnesota Wild zone.
15:26 of 1st period - Joel Eriksson-Ek is hit by Jamie Oleksiak.
15:31 of 1st period - Snap shot by Jared McCann.
15:31 of 1st period - Stopped by Filip Gustavsson without a rebound.
15:32 of 1st period - Yanni Gourde wins face-off versus Joel Eriksson-Ek in Minnesota Wild zone.
15:37 of 1st period - Snap shot by Jordan Eberle.
15:37 of 1st period - Stopped by Filip Gustavsson with a rebound.
17:04 of 1st period - Snap shot by Jared McCann.
17:04 of 1st period - Shot Misses the Net.
17:06 of 1st period - Wrist shot by Yanni Gourde.
17:06 of 1st period - Shot Misses the Net.
17:08 of 1st period - Slapshot by Adam Larsson.
17:08 of 1st period - Deflect By Jared McCann.
17:08 of 1st period - Shot Misses the Net.
17:08 of 1st period - Puck is out of play.
17:09 of 1st period - Ryan Hartman wins face-off versus Alex Wennberg in Minnesota Wild zone.
17:22 of 1st period - Wrist shot by Oliver Bjorkstrand.
17:22 of 1st period - Stopped by Filip Gustavsson with a rebound.
17:24 of 1st period - Snap shot by Alex Wennberg.
17:24 of 1st period - Stopped by Filip Gustavsson with a rebound.
17:25 of 1st period - Penalty to Jon Merrill is over, Jon Merrill is back on ice.
17:26 of 1st period - Wrist shot by Alex Wennberg.
17:26 of 1st period - Shot Blocked by Jon Merrill.
17:40 of 1st period - Snap shot by Brandon Duhaime.
17:40 of 1st period - Stopped by Carter Hart without a rebound.
17:41 of 1st period - Alex Wennberg wins face-off versus Jujhar Khaira in Seattle Kraken zone.
18:28 of 1st period - Brian Dumoulin is hit by Marcus Johansson and loses puck.
18:49 of 1st period - Snap shot by Brandon Duhaime.
18:49 of 1st period - Stopped by Carter Hart with a rebound.
19:23 of 1st period - Icing by Jon Merrill.
19:24 of 1st period - Yanni Gourde wins face-off versus Joel Eriksson-Ek in Minnesota Wild zone.
19:31 of 1st period - Snap shot by Jared McCann.
19:31 of 1st period - Shot Blocked by Joel Eriksson-Ek.
19:51 of 1st period - Wrist shot by Kailer Yamamoto.
19:51 of 1st period - Shot Misses the Net.
19:53 of 1st period - Wrist shot by Kailer Yamamoto.
19:53 of 1st period - Shot Blocked by Joel Eriksson-Ek.
19:55 of 1st period - Snap shot by Brandon Tanev.
19:55 of 1st period - Deflect By Kirill Kaprizov.
19:55 of 1st period - Shot Misses the Net.
19:55 of 1st period - Puck is out of play.
19:56 of 1st period - Ryan Hartman wins face-off versus Jaden Schwartz in Minnesota Wild zone.
Goals for this period are 0 for Minnesota Wild vs 0 for Seattle Kraken.
Shots for this period are 3 for Minnesota Wild vs 11 for Seattle Kraken.

2nd period


0:01 of 2nd period - Joel Eriksson-Ek wins face-off versus Yanni Gourde in neutral zone.
0:12 of 2nd period - Wrist shot by Jordan Eberle.
0:12 of 2nd period - Shot Blocked by Jared Spurgeon.
0:32 of 2nd period - Snap shot by Ryan Hartman.
0:32 of 2nd period - Deflect By Matt Boldy.
0:32 of 2nd period - Stopped by Carter Hart with a rebound.
0:34 of 2nd period - Snap shot by Jared Spurgeon.
0:34 of 2nd period - Stopped by Carter Hart without a rebound.
0:35 of 2nd period - Yanni Gourde wins face-off versus Ryan Hartman in Seattle Kraken zone.
1:25 of 2nd period - Jaden Schwartz is hit by Zach Parise and loses puck.
1:34 of 2nd period - Snap shot by Zach Parise.
1:34 of 2nd period - Deflect By Brandon Duhaime.
1:34 of 2nd period - Shot Blocked by Jamie Oleksiak.
1:34 of 2nd period - Puck is out of play.
1:35 of 2nd period - Ryan Hartman wins face-off versus Yanni Gourde in Seattle Kraken zone.
1:38 of 2nd period - Wrist shot by Matt Boldy.
1:38 of 2nd period - Deflect By Marcus Johansson.
1:38 of 2nd period - Stopped by Carter Hart without a rebound.
1:39 of 2nd period - Yanni Gourde wins face-off versus Ryan Hartman in Seattle Kraken zone.
1:41 of 2nd period - Minor Penalty to Jordan Eberle for Slashing.
1:42 of 2nd period - Yanni Gourde wins face-off versus Joel Eriksson-Ek in Seattle Kraken zone.
1:56 of 2nd period - Snap shot by Kirill Kaprizov.
1:56 of 2nd period - Stopped by Carter Hart without a rebound.
1:57 of 2nd period - Yanni Gourde wins face-off versus Joel Eriksson-Ek in Seattle Kraken zone.
2:12 of 2nd period - Slapshot by Mats Zuccarello.
2:12 of 2nd period - Shot Misses the Net.
2:14 of 2nd period - Slapshot by Matt Boldy.
2:14 of 2nd period - Goal by Matt Boldy - Minnesota Wild : 1 - Seattle Kraken : 0.
2:15 of 2nd period - Joel Eriksson-Ek wins face-off versus Yanni Gourde in neutral zone.
2:20 of 2nd period - Backhand shot by Kirill Kaprizov.
2:20 of 2nd period - Deflect By Joel Eriksson-Ek.
2:20 of 2nd period - Stopped by Carter Hart with a rebound.
2:55 of 2nd period - Off-side.
2:56 of 2nd period - Jujhar Khaira wins face-off versus Yanni Gourde in neutral zone.
3:05 of 2nd period - Backhand shot by Jared McCann.
3:05 of 2nd period - Shot Misses the Net.
3:29 of 2nd period - Snap shot by Oliver Bjorkstrand.
3:29 of 2nd period - Stopped by Filip Gustavsson with a rebound.
3:43 of 2nd period - Brandon Tanev is hit by Ryan Hartman and loses puck.
4:10 of 2nd period - Slapshot by Jared Spurgeon.
4:10 of 2nd period - Deflect By Jordan Eberle.
4:10 of 2nd period - Stopped by Carter Hart with a rebound.
4:20 of 2nd period - Backhand shot by Yanni Gourde.
4:20 of 2nd period - Shot Blocked by Joel Eriksson-Ek.
4:22 of 2nd period - Slapshot by Andre Burakovsky.
4:22 of 2nd period - Shot Blocked by Jared Spurgeon.
4:24 of 2nd period - Backhand shot by Jalen Chatfield.
4:24 of 2nd period - Stopped by Filip Gustavsson with a rebound.
4:26 of 2nd period - Slapshot by Jalen Chatfield.
4:26 of 2nd period - Shot Misses the Net.
4:28 of 2nd period - Snap shot by Alex Wennberg.
4:28 of 2nd period - Stopped by Filip Gustavsson without a rebound.
4:29 of 2nd period - Ryan Hartman wins face-off versus Alex Wennberg in Minnesota Wild zone.
4:29 of 2nd period - Ryan Hartman is hit by Oliver Bjorkstrand.
4:40 of 2nd period - Marcus Johansson is hit by Andre Burakovsky and loses puck.
4:55 of 2nd period - Jamie Oleksiak is hit by Jujhar Khaira and loses puck.
5:04 of 2nd period - Slapshot by Andre Burakovsky.
5:04 of 2nd period - Shot Blocked by Jon Merrill.
5:18 of 2nd period - Brian Dumoulin is hit by Kirill Kaprizov.
6:05 of 2nd period - Snap shot by Brandon Duhaime.
6:05 of 2nd period - Shot Hit the Post.
6:07 of 2nd period - Wrist shot by Connor Dewar.
6:07 of 2nd period - Stopped by Carter Hart with a rebound.
6:09 of 2nd period - Snap shot by Pat Maroon.
6:09 of 2nd period - Stopped by Carter Hart without a rebound.
6:10 of 2nd period - Devin Shore wins face-off versus Mats Zuccarello in Seattle Kraken zone.
6:23 of 2nd period - Jonas Brodin is hit by Klim Kostin and loses puck.
6:47 of 2nd period - Snap shot by Jared McCann.
6:47 of 2nd period - Shot Blocked by Matt Boldy.
6:49 of 2nd period - Snap shot by Jordan Eberle.
6:49 of 2nd period - Stopped by Filip Gustavsson with a rebound.
7:07 of 2nd period - Snap shot by Alex Wennberg.
7:07 of 2nd period - Stopped by Filip Gustavsson without a rebound.
7:08 of 2nd period - Yanni Gourde wins face-off versus Joel Eriksson-Ek in Minnesota Wild zone.
7:09 of 2nd period - Snap shot by Jordan Eberle.
7:09 of 2nd period - Deflect By Jared McCann.
7:09 of 2nd period - Goal by Jared McCann - Minnesota Wild : 1 - Seattle Kraken : 1.
7:10 of 2nd period - Yanni Gourde wins face-off versus Joel Eriksson-Ek in neutral zone.
8:04 of 2nd period - Slapshot by Kailer Yamamoto.
8:04 of 2nd period - Stopped by Filip Gustavsson without a rebound.
8:05 of 2nd period - Kailer Yamamoto wins face-off versus Joel Eriksson-Ek in Minnesota Wild zone.
8:29 of 2nd period - Joel Eriksson-Ek is hit by Kailer Yamamoto and loses puck.
8:42 of 2nd period - Snap shot by Kailer Yamamoto.
8:42 of 2nd period - Shot Blocked by Jake Middleton.
8:50 of 2nd period - Snap shot by Kailer Yamamoto.
8:50 of 2nd period - Stopped by Filip Gustavsson without a rebound.
8:51 of 2nd period - Ryan Hartman wins face-off versus Yanni Gourde in Minnesota Wild zone.
9:38 of 2nd period - Justin Schultz is hit by Jujhar Khaira and loses puck.
9:45 of 2nd period - Wrist shot by Brandon Duhaime.
9:45 of 2nd period - Stopped by Carter Hart without a rebound.
9:46 of 2nd period - Yanni Gourde wins face-off versus Matt Boldy in Seattle Kraken zone.
9:46 of 2nd period - Yanni Gourde is hit by Ryan Hartman.
10:02 of 2nd period - Wrist shot by Jordan Eberle.
10:02 of 2nd period - Shot Blocked by Jared Spurgeon.
10:20 of 2nd period - Wrist shot by Joel Eriksson-Ek.
10:20 of 2nd period - Shot Hit the Post.
10:22 of 2nd period - Snap shot by Kirill Kaprizov.
10:22 of 2nd period - Shot Misses the Net.
10:24 of 2nd period - Wrist shot by Mats Zuccarello.
10:24 of 2nd period - Shot Misses the Net.
10:26 of 2nd period - Slapshot by Jared Spurgeon.
10:26 of 2nd period - Deflect By Kailer Yamamoto.
10:26 of 2nd period - Stopped by Carter Hart with a rebound.
11:47 of 2nd period - Wrist shot by Andre Burakovsky.
11:47 of 2nd period - Shot Misses the Net.
12:39 of 2nd period - Snap shot by Matt Boldy.
12:39 of 2nd period - Stopped by Carter Hart without a rebound.
12:40 of 2nd period - Devin Shore wins face-off versus Ryan Hartman in Seattle Kraken zone.
12:49 of 2nd period - Slapshot by Jamie Oleksiak.
12:49 of 2nd period - Stopped by Filip Gustavsson with a rebound.
12:51 of 2nd period - Slapshot by Jamie Oleksiak.
12:51 of 2nd period - Stopped by Filip Gustavsson without a rebound.
12:52 of 2nd period - Mats Zuccarello wins face-off versus Yanni Gourde in Minnesota Wild zone.
13:19 of 2nd period - Jake Middleton is hit by Oliver Bjorkstrand and loses puck.
13:30 of 2nd period - Snap shot by Andre Burakovsky.
13:30 of 2nd period - Shot Blocked by Ryan Hartman.
13:42 of 2nd period - Slapshot by Jared Spurgeon.
13:42 of 2nd period - Stopped by Carter Hart without a rebound.
13:43 of 2nd period - Jujhar Khaira wins face-off versus Jaden Schwartz in Seattle Kraken zone.
13:44 of 2nd period - Wrist shot by Zach Parise.
13:44 of 2nd period - Shot Misses the Net.
13:46 of 2nd period - Slapshot by Zach Bogosian.
13:46 of 2nd period - Deflect By Zach Parise.
13:46 of 2nd period - Shot Misses the Net.
13:46 of 2nd period - Puck is out of play.
13:47 of 2nd period - Yanni Gourde wins face-off versus Jujhar Khaira in Seattle Kraken zone.
14:45 of 2nd period - Slapshot by Jaden Schwartz.
14:45 of 2nd period - Stopped by Filip Gustavsson without a rebound.
14:46 of 2nd period - Yanni Gourde wins face-off versus Joel Eriksson-Ek in Minnesota Wild zone.
14:57 of 2nd period - Wrist shot by Jordan Eberle.
14:57 of 2nd period - Shot Misses the Net.
14:59 of 2nd period - Minor Penalty to Kirill Kaprizov for High sticking.
15:00 of 2nd period - Yanni Gourde wins face-off versus Joel Eriksson-Ek in Minnesota Wild zone.
15:43 of 2nd period - Slapshot by Andre Burakovsky.
15:43 of 2nd period - Shot Misses the Net.
15:53 of 2nd period - Jordan Eberle is hit by Marcus Foligno and loses puck.
16:59 of 2nd period - Penalty to Kirill Kaprizov is over, Kirill Kaprizov is back on ice.
17:07 of 2nd period - Icing by Kailer Yamamoto.
17:08 of 2nd period - Jujhar Khaira wins face-off versus Jaden Schwartz in Seattle Kraken zone.
17:25 of 2nd period - Adam Larsson is hit by Zach Bogosian and loses puck.
17:38 of 2nd period - Wrist shot by Jaden Schwartz.
17:38 of 2nd period - Stopped by Filip Gustavsson with a rebound.
17:40 of 2nd period - Snap shot by Brandon Tanev.
17:40 of 2nd period - Shot Blocked by Brandon Duhaime.
17:42 of 2nd period - Backhand shot by Jaden Schwartz.
17:42 of 2nd period - Stopped by Filip Gustavsson with a rebound.
17:44 of 2nd period - Snap shot by Jaden Schwartz.
17:44 of 2nd period - Stopped by Filip Gustavsson with a rebound.
17:49 of 2nd period - Wrist shot by Kailer Yamamoto.
17:49 of 2nd period - Stopped by Filip Gustavsson with a rebound.
17:51 of 2nd period - Snap shot by Kailer Yamamoto.
17:51 of 2nd period - Stopped by Filip Gustavsson without a rebound.
17:52 of 2nd period - Yanni Gourde wins face-off versus Ryan Hartman in Minnesota Wild zone.
17:53 of 2nd period - Wrist shot by Jordan Eberle.
17:53 of 2nd period - Shot Misses the Net.
18:05 of 2nd period - Jared McCann is hit by Ryan Hartman and loses puck.
18:50 of 2nd period - Backhand shot by Jalen Chatfield.
18:50 of 2nd period - Shot Blocked by Pat Maroon.
19:11 of 2nd period - Slapshot by Kailer Yamamoto.
19:11 of 2nd period - Shot Misses the Net.
19:17 of 2nd period - Slapshot by Jonas Brodin.
19:17 of 2nd period - Shot Misses the Net.
19:19 of 2nd period - Snap shot by Brandon Duhaime.
19:19 of 2nd period - Shot Misses the Net.
19:45 of 2nd period - Adam Larsson is hit by Marcus Johansson and loses puck.
19:50 of 2nd period - Backhand shot by Matt Boldy.
19:50 of 2nd period - Shot Misses the Net.
19:55 of 2nd period - Minor Penalty to Adam Larsson for High sticking.
19:56 of 2nd period - Yanni Gourde wins face-off versus Joel Eriksson-Ek in Seattle Kraken zone.
Goals for this period are 1 for Minnesota Wild vs 1 for Seattle Kraken.
Shots for this period are 13 for Minnesota Wild vs 16 for Seattle Kraken.

3rd period


0:01 of 3rd period - Yanni Gourde wins face-off versus Joel Eriksson-Ek in neutral zone.
0:35 of 3rd period - Slapshot by Marcus Johansson.
0:35 of 3rd period - Shot Misses the Net.
0:37 of 3rd period - Backhand shot by Matt Boldy.
0:37 of 3rd period - Shot Misses the Net.
1:55 of 3rd period - Penalty to Adam Larsson is over, Adam Larsson is back on ice.
2:01 of 3rd period - Snap shot by Connor Dewar.
2:01 of 3rd period - Stopped by Carter Hart with a rebound.
2:03 of 3rd period - Snap shot by Brandon Duhaime.
2:03 of 3rd period - Stopped by Carter Hart without a rebound.
2:04 of 3rd period - Connor Dewar wins face-off versus Jaden Schwartz in Seattle Kraken zone.
2:11 of 3rd period - Slapshot by Connor Dewar.
2:11 of 3rd period - Shot Misses the Net.
2:19 of 3rd period - Brandon Duhaime is hit by Jamie Oleksiak and loses puck.
2:34 of 3rd period - Snap shot by Brandon Duhaime.
2:34 of 3rd period - Shot Misses the Net.
3:19 of 3rd period - Slapshot by Klim Kostin.
3:19 of 3rd period - Deflect By Devin Shore.
3:19 of 3rd period - Shot Blocked by Jake Middleton.
3:19 of 3rd period - Puck is out of play.
3:20 of 3rd period - Joel Eriksson-Ek wins face-off versus Yanni Gourde in Minnesota Wild zone.
3:47 of 3rd period - Matt Boldy is hit by Adam Larsson and loses puck.
4:05 of 3rd period - Icing by Matt Boldy.
4:06 of 3rd period - Jaden Schwartz wins face-off versus Jujhar Khaira in Minnesota Wild zone.
4:07 of 3rd period - Slapshot by Brandon Tanev.
4:07 of 3rd period - Stopped by Filip Gustavsson with a rebound.
4:13 of 3rd period - Snap shot by Kailer Yamamoto.
4:13 of 3rd period - Shot Blocked by Zach Parise.
4:15 of 3rd period - Slapshot by Jalen Chatfield.
4:15 of 3rd period - Deflect By Jaden Schwartz.
4:15 of 3rd period - Stopped by Filip Gustavsson with a rebound.
5:26 of 3rd period - Slapshot by Jared Spurgeon.
5:26 of 3rd period - Shot Blocked by Jaycob Megna.
5:28 of 3rd period - Slapshot by Jake Middleton.
5:28 of 3rd period - Stopped by Carter Hart with a rebound.
5:30 of 3rd period - Slapshot by Jared Spurgeon.
5:30 of 3rd period - Stopped by Carter Hart without a rebound.
5:31 of 3rd period - Ryan Hartman wins face-off versus Alex Wennberg in Seattle Kraken zone.
6:00 of 3rd period - Snap shot by Joel Eriksson-Ek.
6:00 of 3rd period - Stopped by Carter Hart with a rebound.
7:44 of 3rd period - Wrist shot by Jordan Eberle.
7:44 of 3rd period - Deflect By Jared McCann.
7:44 of 3rd period - Stopped by Filip Gustavsson without a rebound.
7:45 of 3rd period - Yanni Gourde wins face-off versus Ryan Hartman in Minnesota Wild zone.
7:46 of 3rd period - Snap shot by Jared McCann.
7:46 of 3rd period - Shot Misses the Net.
8:10 of 3rd period - Snap shot by Jaden Schwartz.
8:10 of 3rd period - Shot Misses the Net.
8:16 of 3rd period - Wrist shot by Kailer Yamamoto.
8:16 of 3rd period - Stopped by Filip Gustavsson with a rebound.
8:42 of 3rd period - Wrist shot by Zach Parise.
8:42 of 3rd period - Shot Misses the Net.
8:44 of 3rd period - Snap shot by Brandon Duhaime.
8:44 of 3rd period - Goal by Brandon Duhaime - Minnesota Wild : 2 - Seattle Kraken : 1.
8:45 of 3rd period - Yanni Gourde wins face-off versus Matt Boldy in neutral zone.
9:17 of 3rd period - Snap shot by Alex Wennberg.
9:17 of 3rd period - Stopped by Filip Gustavsson without a rebound.
9:18 of 3rd period - Alex Wennberg wins face-off versus Mats Zuccarello in Minnesota Wild zone.
10:46 of 3rd period - Icing by Brian Dumoulin.
10:47 of 3rd period - Yanni Gourde wins face-off versus Ryan Hartman in Seattle Kraken zone.
11:02 of 3rd period - Wrist shot by Jordan Eberle.
11:02 of 3rd period - Deflect By Jared McCann.
11:02 of 3rd period - Stopped by Filip Gustavsson with a rebound.
11:14 of 3rd period - Alex Wennberg is hit by Zach Bogosian and loses puck.
11:37 of 3rd period - Brandon Tanev is hit by Jujhar Khaira and loses puck.
11:44 of 3rd period - Wrist shot by Zach Parise.
11:44 of 3rd period - Stopped by Carter Hart with a rebound.
11:46 of 3rd period - Slapshot by Zach Parise.
11:46 of 3rd period - Shot Hit the Post.
11:48 of 3rd period - Slapshot by Jon Merrill.
11:48 of 3rd period - Stopped by Carter Hart without a rebound.
11:49 of 3rd period - Yanni Gourde wins face-off versus Ryan Hartman in Seattle Kraken zone.
12:15 of 3rd period - Joel Eriksson-Ek is hit by Alex Wennberg and loses puck.
12:20 of 3rd period - Snap shot by Andre Burakovsky.
12:20 of 3rd period - Shot Misses the Net.
12:24 of 3rd period - Wrist shot by Alex Wennberg.
12:24 of 3rd period - Stopped by Filip Gustavsson without a rebound.
12:25 of 3rd period - Yanni Gourde wins face-off versus Joel Eriksson-Ek in Minnesota Wild zone.
12:32 of 3rd period - Snap shot by Jordan Eberle.
12:32 of 3rd period - Stopped by Filip Gustavsson without a rebound.
12:33 of 3rd period - Mats Zuccarello wins face-off versus Yanni Gourde in Minnesota Wild zone.
12:33 of 3rd period - Mats Zuccarello is hit by Jordan Eberle.
12:58 of 3rd period - Jonas Brodin is hit by Adam Larsson and loses puck.
13:25 of 3rd period - Snap shot by Joel Eriksson-Ek.
13:25 of 3rd period - Stopped by Carter Hart with a rebound.
13:27 of 3rd period - Slapshot by John Klingberg.
13:27 of 3rd period - Shot Blocked by Jalen Chatfield.
13:29 of 3rd period - Minor Penalty to Yanni Gourde for Hooking.
13:30 of 3rd period - Alex Wennberg wins face-off versus Ryan Hartman in Seattle Kraken zone.
13:43 of 3rd period - Snap shot by Matt Boldy.
13:43 of 3rd period - Shot Misses the Net.
13:45 of 3rd period - Slapshot by Matt Boldy.
13:45 of 3rd period - Stopped by Carter Hart with a rebound.
13:47 of 3rd period - Wrist shot by Matt Boldy.
13:47 of 3rd period - Shot Misses the Net.
14:59 of 3rd period - Jaden Schwartz is hit by Kirill Kaprizov and loses puck.
15:29 of 3rd period - Penalty to Yanni Gourde is over, Yanni Gourde is back on ice.
16:47 of 3rd period - Zach Bogosian is hit by Brandon Tanev and loses puck.
16:57 of 3rd period - Icing by Alex Wennberg.
16:58 of 3rd period - Joel Eriksson-Ek wins face-off versus Devin Shore in Seattle Kraken zone.
17:13 of 3rd period - Wrist shot by Pierre-Edouard Bellemare.
17:13 of 3rd period - Stopped by Filip Gustavsson with a rebound.
18:32 of 3rd period - Snap shot by Oliver Bjorkstrand.
18:32 of 3rd period - Shot Misses the Net.
19:03 of 3rd period - Minor Penalty to Jamie Oleksiak for Roughing.
19:04 of 3rd period - Joel Eriksson-Ek wins face-off versus Jared McCann in Seattle Kraken zone.
19:14 of 3rd period - Snap shot by Mats Zuccarello.
19:14 of 3rd period - Stopped by Carter Hart without a rebound.
19:15 of 3rd period - Bob Strandell call a timeout for Seattle Kraken.
19:15 of 3rd period - Yanni Gourde wins face-off versus Joel Eriksson-Ek in Seattle Kraken zone.
19:49 of 3rd period - Justin Schultz is hit by Marcus Johansson and loses puck.
Goals for this period are 1 for Minnesota Wild vs 0 for Seattle Kraken.
Shots for this period are 11 for Minnesota Wild vs 9 for Seattle Kraken.